 Dungeon Crawl Stone Soup version 0.30.0-15-g856e2d3f33 (webtiles) character file.

Game seed: 5357637158174875514

51 Jackthecabe the Charlatan (level 3, 0/39 HPs)
             Began as a Gnoll Wanderer on May 19, 2023.
             Slain by a gnoll
             ... wielding a +0 club
              (3 damage)
             ... on level 2 of the Dungeon.
             The game lasted 00:02:19 (1281 turns).

Jackthecabe the Charlatan (Gnoll Wanderer)          Turns: 1281, Time: 00:02:20

Health: 0/39       AC: 21    Str: 13    XL:     3   Next: 81%
Magic:  7/7        EV:  2    Int: 12    God:
Gold:   63         SH:  0    Dex: 10    Spells: 7/7 levels left

rFire   . . .        k - +0 dagger
rCold   . . .        (no shield)
rNeg    . . .        d - melded +0 leather armour
rPois   +            (helmet currently unavailable)
rElec   .            b - melded +0 cloak
rCorr   .            (gloves currently unavailable)
SInv    .            (boots currently unavailable)
Will    .....        (no amulet)
Stlth   +            (no ring)
HPRegen 0.26/turn    (no ring)
MPRegen 0.10/turn

%: no passive effects
@: brilliant, tree-form, attractive
A: stationary, stasis, torment immunity, boosted hp, (fangs 1), strong nose,
distributed training
a: no special abilities


You were on level 2 of the Dungeon.
You were a tree.
You visited 1 branch of the dungeon, and saw 2 of its levels.

You collected 63 gold pieces.

Inventory:

Hand Weapons
 a - a +0 club
 g - a +0 short sword
   (You found it on level 1 of the Dungeon)
 k - a +0 dagger (weapon)
   (You took it off a kobold on level 1 of the Dungeon)
Armour
 b - a +0 cloak (melded)
 d - a +0 leather armour (melded)
Jewellery
 j - a ring of wizardry {wiz+}
   (You found it on level 1 of the Dungeon)
Wands
 e - a wand of polymorph (17) (quivered)
Scrolls
 c - a scroll of fog
 h - a scroll of vulnerability {unknown}
 i - a scroll of enchant armour {unknown}
 l - a scroll of noise {unknown}
 m - a scroll of identify {unknown}
 p - a scroll of immolation {unknown}
Potions
 f - a potion of might {unknown}


   Skills:
 + Level 1.0 Fighting
 + Level 1.0 Short Blades
 + Level 1.0 Long Blades
 + Level 1.0 Axes
 + Level 1.0 Maces & Flails
 + Level 1.0 Polearms
 + Level 1.0 Staves
 + Level 1.0 Ranged Weapons
 + Level 1.0 Throwing
 + Level 1.0 Armour
 + Level 6.5 Dodging
 + Level 1.0 Stealth
 + Level 1.0 Shields
 + Level 1.0 Unarmed Combat
 + Level 2.9 Spellcasting
 + Level 0.7 Conjurations
 + Level 0.7 Hexes
 + Level 0.7 Summonings
 + Level 0.7 Necromancy
 + Level 5.4 Translocations
 + Level 0.7 Transmutations
 + Level 0.7 Fire Magic
 + Level 0.7 Ice Magic
 + Level 0.7 Air Magic
 + Level 0.7 Earth Magic
 + Level 0.7 Poison Magic
 + Level 1.1 Invocations
 + Level 6.5 Evocations


You had 7 spell levels left.
You didn't know any spells.
Your spell library contained the following spells:

 Spells                   Type           Power      Damage    Failure   Level
 Lesser Beckoning         Tloc           44%        N/A       4%          2
 Momentum Strike          Conj/Tloc      26%        3d8       11%         2
 Passage of Golubria      Tloc           22%        N/A       26%         4
 Tukima's Dance           Hex            5%         N/A       50%         3
 Yara's Violent Unravell  Hex/Tmut       2%         3d3       99%         5


Dungeon Overview and Level Annotations

Branches:
Dungeon (2/15)

Altars:


Innate Abilities, Weirdness & Mutations

You are a tree.
Your roots penetrate the ground, keeping you stationary.
You cannot be teleported.
You are immune to unholy pain and torment.
Your maximum health is greatly increased.
Your equipment is partially melded.
((You have very sharp teeth.))
Your uncanny sense of smell can sniff out nearby items.
Your experience applies equally to all skills.


Message History

Health restored: 25
There is a stone staircase leading up here.
p - a scroll labelled HEDU PIUHOIDY
q - a viscous inky potion You see here 7 stones.
A goblin comes into view. It is wielding a +0 dagger.
The goblin shouts!
A goblin is nearby!
The goblin hits you with a +0 dagger.
You take 2 damage, and have 23/25 hp.
You barely miss the goblin. The goblin misses you.
You completely miss the goblin. The goblin closely misses you.
You hit the goblin.
You kill the goblin!
No target in view!
No target in view!
Things that are here:
a +0 dagger; a goblin corpse A bat comes into view.
Health restored: 25 A bat is nearby!
A bat is nearby! 3 gnolls come into view.
Found a stone staircase leading down.
The gnoll shouts! x2
The bat barely misses you.
The gnoll moves out of view.
You hit the bat.
You kill the bat!
You closely miss the gnoll.
A gnoll comes into view. It is wielding a +1 spear of venom.
You closely miss the gnoll. The gnoll barely misses you.
The gnoll attacks as you move away! The gnoll hits you with a +0 whip.
You take 2 damage, and have 23/25 hp.
You hit the gnoll but do no damage. The gnoll barely misses you.
You hit the gnoll but do no damage. You punch the gnoll, but do no damage.
The gnoll barely misses you.
Health restored: 25 You barely miss the gnoll.
The gnoll barely misses you.
You hit the gnoll but do no damage. The gnoll hits you with a +0 flail.
You take 3 damage, and have 22/25 hp.
You hit the gnoll. The gnoll hits you with a +0 flail!
You take 10 damage, and have 12/25 hp.
MASSIVE DAMAGE!!
You hit the gnoll. You hit the gnoll. The gnoll misses you.
You hit the gnoll but do no damage. The gnoll hits you with a +0 flail.
You take 4 damage, and have 9/25 hp.
You hit the gnoll but do no damage. The gnoll misses you.
You hit the gnoll but do no damage. The gnoll closely misses you.
You completely miss the gnoll. You bite the gnoll, but do no damage.
The gnoll misses you.
You hit the gnoll. The gnoll misses you.
You completely miss the gnoll. The gnoll closely misses you.
You hit the gnoll. The gnoll hits you with a +0 flail.
* * * LOW HITPOINT WARNING * * *
You take 6 damage, and have 4/25 hp.
MASSIVE DAMAGE!!
The gnoll shouts!
You hit the gnoll but do no damage. The gnoll barely misses you.
You hit the gnoll.
You kill the gnoll!
Your Fighting skill increases to level 1!
Your Short Blades skill increases to level 1!
Your Long Blades skill increases to level 1!
Your Axes skill increases to level 1!
Your Maces & Flails skill increases to level 1!
Your Polearms skill increases to level 1!
Your Staves skill increases to level 1!
Your Ranged Weapons skill increases to level 1!
Your Throwing skill increases to level 1!
Your Armour skill increases to level 1!
Your Stealth skill increases to level 1!
Your Shields skill increases to level 1!
Your Unarmed Combat skill increases to level 1!
Aiming: Polymorph
Aim: a gnoll, wielding a +0 club (will become an adder, a killer bee, or an endoplasm, chance to affect: 73%)
Okay, then.
Okay, then.
You don't know any spells.
You don't know any spells.
Okay, then.
Unknown command.
The gnoll attacks as you move away! The gnoll hits you but does no damage.
The gnoll attacks as you move away! The gnoll barely misses you.
The gnoll attacks as you move away! The gnoll hits you with a +0 club.
* * * LOW HITPOINT WARNING * * *
Things that are here:
a +0 dagger; a goblin corpse You take 5 damage, and have 1/26 hp.
The gnoll attacks as you move away! The gnoll misses you.
It was a potion of lignification.
You turn into a tree.
Your +0 cloak melds into your body.
Your +0 leather armour melds into your body.
Your roots penetrate the ground.
The gnoll hits you but does no damage.
You now have 3/39 hp.
It was a potion of brilliance.
You feel clever all of a sudden. The gnoll hits you but does no damage.
It was a potion of attraction.
You feel attractive to monsters. The gnoll hits you with a +0 club.
You die...

#..# ##)# #.## ∆ #..#
##.# #g# ∆ #.# #g#
#.# #g# ### ####.#
####♣#### ##.###.(...
#.......###.#.##.##..
#.##.##.##.###.#.##.#
#.##........#.##.##..
#(#####.####.........
#.......# #####.##.#
######### #.....
######


You could see 3 gnolls.

Vanquished Creatures
  An adder (D:2)
  A gnoll (D:2)
  2 dart slugs (D:1)
  4 ball pythons (D:1)
  2 bats (D:1 D:2)
  An endoplasm (D:1)
  A giant cockroach (D:1)
  3 hobgoblins (D:1)
  5 kobolds (D:1)
  A quokka (D:1)
  2 frilled lizards (D:1)
  2 goblins (D:1 D:2)
  3 rats (D:1)
28 creatures vanquished.

Notes
Turn   | Place    | Note
-------+----------+-------------------------------------------
     0 | D:1      | Jackthecabe the Gnoll Wanderer began the quest for the Orb.
     0 | D:1      | Jackthecabe set off with the following items: a +0 club, a
                  | +0 cloak, a scroll of fog, a +0 leather armour, a wand of
                  | polymorph (17); and the following spells available to
                  | memorise: Lesser Beckoning, Momentum Strike.
     0 | D:1      | Reached XP level 1. HP: 13/13 MP: 4/4
   160 | D:1      | HP: 5/13 [kobold/+0 short sword (4)]
   164 | D:1      | Reached XP level 2. HP: 8/19 MP: 5/5
   165 | D:1      | HP: 5/19 [hobgoblin (1)]
   581 | D:1      | Reached XP level 3. HP: 21/25 MP: 7/7
  1014 | D:2      | Found a faded altar of an unknown god.
  1080 | D:2      | HP: 12/25 [poisoned by an adder]
  1084 | D:2      | Reached skill level 1 in Invocations
  1085 | D:2      | HP: 6/25 [poisoned by an adder]
  1261 | D:2      | HP: 12/25 [gnoll/+0 flail (10)]
  1270 | D:2      | HP: 4/25 [gnoll/+0 flail (6)]
  1273 | D:2      | Reached skill level 1 in Fighting
  1273 | D:2      | Reached skill level 1 in Short Blades
  1273 | D:2      | Reached skill level 1 in Long Blades
  1273 | D:2      | Reached skill level 1 in Axes
  1273 | D:2      | Reached skill level 1 in Maces & Flails
  1273 | D:2      | Reached skill level 1 in Polearms
  1273 | D:2      | Reached skill level 1 in Staves
  1273 | D:2      | Reached skill level 1 in Ranged Weapons
  1273 | D:2      | Reached skill level 1 in Throwing
  1273 | D:2      | Reached skill level 1 in Armour
  1273 | D:2      | Reached skill level 1 in Stealth
  1273 | D:2      | Reached skill level 1 in Shields
  1273 | D:2      | Reached skill level 1 in Unarmed Combat
  1277 | D:2      | HP: 1/26 [gnoll/+0 club (5)]
  1281 | D:2      | Slain by a gnoll

Illustrated notes

Levels and vault maps discovered:
D:1:      nicolae_arrival_washed_ashore, layout_loops_ring,
          hangedman_decor_push, minmay_crystal_water
D:2:      layout_loops_cross, nicolae_ecumenical_oubliette, uniq_natasha

Skill      XL: |  1  2  3 |
---------------+----------+-----
Invocations    | 1 |  1.1
Fighting       | 1 |  1.0
Short Blades   | 1 |  1.0
Long Blades    | 1 |  1.0
Axes           | 1 |  1.0
Maces & Flails | 1 |  1.0
Polearms       | 1 |  1.0
Staves         | 1 |  1.0
Ranged Weapons | 1 |  1.0
Throwing       | 1 |  1.0
Armour         | 1 |  1.0
Stealth        | 1 |  1.0
Shields        | 1 |  1.0
Unarmed Combat | 1 |  1.0
Dodging        | |  6.5
Spellcasting   | |  2.9
Conjurations   | |  0.7
Hexes          | |  0.7
Summonings     | |  0.7
Necromancy     | |  0.7
Translocations | |  5.4
Transmutations | |  0.7
Fire Magic     | |  0.7
Ice Magic      | |  0.7
Air Magic      | |  0.7
Earth Magic    | |  0.7
Poison Magic   | |  0.7
Evocations     | |  6.5

Action                     || total
---------------------------++-------
  Melee: Club              ||    80
         Punch             ||     4
         Bite              ||    14
         Dagger            ||    65
    Use: Potion            ||     3
   Stab: Sleeping          ||     1
 Armour: Leather armour    ||    33
         Skin              ||     2
  Dodge: Dodged            ||   104

Levels and vault maps discovered:
D:1:      nicolae_arrival_washed_ashore, layout_loops_ring,
          hangedman_decor_push, minmay_crystal_water
D:2:      layout_loops_cross, nicolae_ecumenical_oubliette, uniq_natasha

Table legend: (Time is in decaauts)
 A = Elapsed time spent in this place.
 B = Non-inter-level travel time spent in this place.
 C = Inter-level travel time spent in this place.
 D = Time resting spent in this place.
 E = Time spent auto-exploring this place.
 F = Levels seen in this place.
 G = Mean time per level.
                   A        B        C        D        E       F      G
               +--------+--------+--------+--------+--------+-----+--------+
         Total |   1302 |   1250 |     52 |     66 |    912 |   2 |  651.0 |
       Dungeon |   1302 |   1250 |     52 |     66 |    912 |   2 |  651.0 |
               +--------+--------+--------+--------+--------+-----+--------+

Top non-repeatable levels by time:
     D:1: 1077 daAuts
     D:2: 224 daAuts

Table legend:
 A = Kills in this place as a percentage of kills in the entire game.
 B = Kills by you in this place as a percentage of kills by you in the entire game.
 C = Kills by friends in this place as a percentage of kills by friends in the entire game.
 D = Other kills in this place as a percentage of other kills in the entire game.
 E = Experience gained in this place as a percentage of experience gained in the entire game.
 F = Experience gained in this place divided by the number of levels of this place that you have seen.
                   A       B       C       D       E      F
               +-------+-------+-------+-------+-------+----------------------
         Total | 100.0 | 100.0 |   N/A |   N/A | 100.0 |  36.5
       Dungeon | 100.0 | 100.0 |   N/A |   N/A | 100.0 |  36.5
               +-------+-------+-------+-------+-------+----------------------
